 Dungeon Crawl Stone Soup version 0.21.1-1-g345015fe64 (webtiles) character file.

72 MightyBalls the Chopper (level 4, -8/40 HPs)
             Began as a Minotaur Berserker on June 7, 2018.
             Was a Believer of Trog.
             Mangled by a worm (16 damage)
             ... on level 2 of the Dungeon.
             The game lasted 00:12:55 (2239 turns).

MightyBalls the Chopper (Minotaur Berserker)        Turns: 2239, Time: 00:12:56

Health: -8/40      AC:  2    Str: 23    XL:     4   Next: 7%
Magic:  3/3        EV: 13    Int:  4    God:    Trog [**....]
Gold:   89         SH:  0    Dex:  9    Spells: 3/3 levels left

rFire    . . .     SeeInvis .   a - +0 hand axe
rCold    . . .     Gourm    .   (no shield)
rNeg     . . .     Faith    .   b - +0 animal skin
rPois    .         Spirit   .   (helmet restricted)
rElec    .         Reflect  .   (no cloak)
rCorr    .         Harm     .   (no gloves)
MR       .....                  (no boots)
Stlth    +.........             (no amulet)
HPRegen  0.13/turn              (no ring)
MPRegen  0.08/turn              (no ring)

@: berserk cooldown, slowed, very slow
A: retaliatory headbutt, horns 2
a: Berserk, Trog's Hand, Burn Spellbooks, Renounce Religion


You were on level 2 of the Dungeon.
You worshipped Trog.
Trog was pleased with you.
You were near starving.

You visited 1 branch of the dungeon, and saw 2 of its levels.

You collected 89 gold pieces.

Inventory:

Hand Weapons
 a - a +0 hand axe (weapon)
 g - a +0 hand axe
Missiles
 h - 35 bolts
 l - 46 arrows
Armour
 b - a +0 animal skin (worn)
Scrolls
 d - a scroll of enchant armour {unknown}
 e - 4 scrolls of identify
 f - a scroll of blinking {unknown}
 i - 2 scrolls of amnesia
 o - a scroll of teleportation {unknown}
 p - a scroll of random uselessness {unknown}
Potions
 m - a potion of cancellation {unknown}
 n - a potion of curing {unknown}
Comestibles
 c - 4 rations
 j - 2 chunks of flesh


   Skills:
 * Level 4.3 Fighting
 + Level 4.5 Axes
 + Level 0.4 Throwing
 - Level 2.8 Armour
 * Level 3.1 Dodging


You had 3 spell levels left.
You didn't know any spells.

Dungeon Overview and Level Annotations

Branches:
Dungeon (2/15)

Altars:
Trog
Uskayaw


Innate Abilities, Weirdness & Mutations

You reflexively headbutt those who attack you in melee.
You have a pair of horns on your head.


Message History

The worm goes berserk!
The worm bites you. The worm closely misses you. You furiously retaliate!
You headbutt the worm! You hit the worm.
The worm is moderately wounded.
The worm bites you!
You hit the worm.
The worm is moderately wounded.
The worm bites you.
You barely miss the worm.
The worm is moderately wounded.
The worm completely misses you. The worm bites you!
* * * LOW HITPOINT WARNING * * *
You barely miss the worm.
The worm is moderately wounded.
The worm barely misses you.
You hit the worm.
The worm is heavily wounded.
The worm bites you!
You die...

#.# ##.....###.# ####.#
..## ##.......####### #.#
...####....>...##....###.#
......'.......##.......###
....###.......#........)
....# ##.....##....#....
....# ##....##...###...
....# ##........#y#._.
....# ##'###.@w###..) #.###
#.# #....#.... #.# #.#
#.........
#.#########.####......)###
#.#.....)....####....###.#
#.#.###.........###### #.#
#.......##.รท.###.#######.#
###.######..## #.........#
#........## ###########


You could see a moth of wrath and a worm (berserk).

Vanquished Creatures
  Terence (D:2)
  2 oozes
  2 worms (D:2)
  A leopard gecko (D:2)
  3 ball pythons
  3 bats
  4 goblins (D:2)
  3 hobgoblins
  3 kobolds
  A quokka (D:2)
  8 frilled lizards
  4 rats (D:2)
35 creatures vanquished.

Notes
Turn   | Place    | Note
-------+----------+-------------------------------------------
     0 | D:1      | MightyBalls the Minotaur Berserker began the quest for the Orb.
     0 | D:1      | Reached XP level 1. HP: 19/19 MP: 0/0
   446 | D:1      | Reached XP level 2. HP: 27/27 MP: 1/1
  1395 | D:2      | Noticed Terence
  1412 | D:2      | Killed Terence
  1412 | D:2      | Reached XP level 3. HP: 17/33 MP: 2/2
  1561 | D:2      | Found a hide-covered altar of Uskayaw.
  1954 | D:2      | Reached ** piety under Trog
  2201 | D:2      | Noticed a moth of wrath
  2204 | D:2      | Found a bloodstained altar of Trog.
  2213 | D:2      | Reached XP level 4. HP: 40/40 MP: 3/3
  2239 | D:2      | Mangled by a worm

Skill      XL: |  1  2 |
---------------+-------+-----
Fighting       | 4 |  4.3
Axes           | 4 |  4.5
Dodging        | 3 |  3.1
Throwing       | |  0.4
Armour         | |  2.8

Action                   |  1- 3 |  4- 6 || total
-------------------------+-------+-------++-------
Melee: Hand axe          |    72 |     9 ||    81
       Headbutt          |    12 |     1 ||    13
Throw: Stone             |    12 |       ||    12
Invok: Berserk           |     4 |       ||     4
       Trog's Hand       |     1 |       ||     1
  Use: Scroll            |     2 |       ||     2
  Eat: Chunk             |     3 |       ||     3
       Ration            |     1 |       ||     1
Armor: Animal skin       |    10 |     1 ||    11
Dodge: Dodged            |    47 |     8 ||    55
